 Dungeon Crawl Stone Soup version 0.21.0 (webtiles) character file.

13761 4thArraOfDagon the Thaumaturge (level 11, -1/54 HPs)
             Began as a Deep Elf Necromancer on Jan 5, 2018.
             Was an Elder of Sif Muna.
             Hit by a large rock thrown by a cyclops (28 damage)
             ... on level 2 of the Orcish Mines on Jan 6, 2018.
             The game lasted 01:00:44 (8298 turns).

4thArraOfDagon the Thaumaturge (DENe)               Turns: 8298, Time: 01:00:45

Health: -1/54      AC:  6    Str:  5    XL:     11   Next: 79%
Magic:  29/29      EV: 11    Int: 24    God:    Sif Muna [****..]
Gold:   1041       SH:  0    Dex: 10    Spells: 2/34 levels left

rFire    + + +     SeeInvis .   r - +1 hand axe (flame)
rCold    . . .     Gourm    .   (no shield)
rNeg     . . .     Faith    +   m - +0 leather armour of a bazaar {+Inv rPois rF++ Dex-5}
rPois    +         Spirit   .   n - +0 helmet
rElec    .         Reflect  .   s - +0 cloak
rCorr    .         Harm     .   w - +0 pair of gloves
MR       ++...                  (no boots)
Stlth    ++........             j - amulet of faith
HPRegen  0.18/turn              U - ring of protection from magic
MPRegen  0.21/turn              t - ring of protection from fire

@: divine energy
A: no striking features
a: Stop Divine Energy, Channel Magic, Forget Spell, Renounce Religion, Evoke
Invisibility


You were on level 2 of the Orcish Mines.
You worshipped Sif Muna.
Sif Muna was greatly pleased with you.
You were not hungry.

You visited 3 branches of the dungeon, and saw 16 of its levels.

You collected 1191 gold pieces.
You spent 150 gold pieces at shops.

Inventory:

Hand Weapons
 d - a +0 mace
 k - a +0 rapier
 r - a +1 hand axe of flaming (weapon)
 B - the +3 hand axe of Tenacity {chop, rPois rN+++ Str-4 Int-4}
   (You found it on level 5 of the Dungeon)

   It inflicts extra damage upon your enemies.
   It affects your strength (-4).
   It affects your intelligence (-4).
   It protects you from poison.
   It renders you almost immune to negative energy.
 E - the +1 fustibalus of Rust {velocity, +Fly rC- Dex+4 Stlth+}
   (You found it on level 7 of the Dungeon)

   Any stone fired from it inflicts extra damage.
   It affects your dexterity (+4).
   It makes you vulnerable to cold.
   It lets you fly.
   It makes you more stealthy.
Missiles
 h - a throwing net (quivered)
 o - 6 curare-tipped needles
Armour
 a - a +0 robe
 m - the +0 leather armour of a bazaar (worn) {+Inv rPois rF++ Dex-5}
   (You found it on level 4 of the Dungeon)

   It affects your dexterity (-5).
   It greatly protects you from fire.
   It protects you from poison.
   It lets you turn invisible.
 n - a +0 helmet (worn)
 s - a +0 cloak (worn)
 w - a +0 pair of gloves (worn)
Magical Staves
 N - an uncursed staff of wizardry {!a}
 S - an uncursed staff of poison
Jewellery
 j - an amulet of faith (around neck)
 q - an uncursed ring of fire
 t - a ring of protection from fire (right hand)
 D - an uncursed ring of protection from cold
 P - an uncursed ring of ice
 U - a ring of protection from magic (left hand)
Wands
 C - a wand of clouds (1)
 K - a wand of acid (8)
 O - a wand of flame (31)
Scrolls
 e - 5 scrolls of remove curse
 g - 3 scrolls of magic mapping
 l - 4 scrolls of enchant weapon {unknown}
 u - a scroll of vulnerability
 y - 3 scrolls of fear
 F - 4 scrolls of teleportation
 G - a scroll of torment
 H - 3 scrolls of noise
 I - a scroll of amnesia
 L - a scroll of immolation
 R - a scroll of blinking
Potions
 f - a potion of agility
 i - 5 potions of curing
 v - a potion of lignification
 x - 2 potions of brilliance
 z - a potion of mutation
 A - 2 potions of haste
 J - a potion of berserk rage
 M - a potion of degeneration
 T - 2 potions of flight
 V - a potion of ambrosia {unknown}
Books
 b - a book of Necromancy

   Spells                             Type                      Level
   a - Pain                           Necromancy                   1
   b - Animate Skeleton               Necromancy                   1
   c - Vampiric Draining              Necromancy                   3
   d - Regeneration                   Charms/Necromancy            3
   e - Animate Dead                   Necromancy                   4
   f - Borgnjor's Vile Clutch         Necromancy/Earth             5
 p - a book of Geomancy

   Spells                             Type                      Level
   a - Sandblast                      Earth                        1
   b - Passwall                       Transmutation/Earth          2
   c - Stone Arrow                    Conjuration/Earth            3
   d - Petrify                        Transmutation/Earth          4
   e - Lee's Rapid Deconstruction     Earth                        5
 Q - Sif Muna's Collected Works on Conjuration and the Frostbite
   (Sif Muna gifted it to you on level 10 of the Dungeon)

   Spells                             Type                      Level
   a - Shock                          Conjuration/Air              1
   b - Static Discharge               Conjuration/Air              3
   c - Ice Form                       Ice/Transmutation            4
   d - Lightning Bolt                 Conjuration/Air              5
   e - Freezing Cloud                 Conjuration/Ice/Air          6
   f - Simulacrum                     Ice/Necromancy               6
   g - Glaciate                       Conjuration/Ice              9
 W - Sif Muna's Compendium of Companions and Aid
   (Sif Muna gifted it to you on level 12 of the Dungeon)

   Spells                             Type                      Level
   a - Shroud of Golubria             Charms/Translocation         2
   b - Call Imp                       Summoning                    2
   c - Recall                         Summoning/Translocation      3
   d - Iskenderun's Battlesphere      Conjuration/Charms           5
   e - Ring of Flames                 Charms/Fire                  7
   f - Haunt                          Necromancy/Summoning         7
   g - Summon Greater Demon           Summoning                    7
Comestibles
 c - 11 rations
 X - 4 chunks of flesh


   Skills:
 - Level 2.4 Dodging
 - Level 2.4 Stealth
 + Level 12.4 Spellcasting
 * Level 10.2 Conjurations
 - Level 7.7 Necromancy
 * Level 2.5 Ice Magic
 - Level 9.8 Earth Magic
 + Level 9.6 Invocations


You had 2 spell levels left.
You knew the following spells:

 Your Spells              Type           Power        Failure   Level  Hunger
a - Pain                  Necr           ####         1%          1    None
b - Animate Skeleton      Necr           N/A          1%          1    None
c - Regeneration          Chrm/Necr      ####......   4%          3    None
d - Vampiric Draining     Necr           ######....   1%          3    None
e - Apportation           Tloc           ##....       7%          1    None
f - Borgnjor's Vile Clut  Necr/Erth      ######....   4%          5    ###....
g - Lee's Rapid Deconstr  Erth           ######....   3%          5    ###....
h - Stone Arrow           Conj/Erth      ######       1%          3    None
i - Petrify               Tmut/Erth      #####...     9%          4    None
j - Freezing Cloud        Conj/Ice/Air   #####.....   87%         6    #####..


Dungeon Overview and Level Annotations

Branches:
Dungeon (13/15)            Temple (1/1) D:7            Lair (0/6) D:11
    Orc (2/2) D:10
    Elf: Orc:2       Vaults: D:13-14

Altars:
Ashenzari
Cheibriados
Fedhas
Gozag
Hepliaklqana
Kikubaaqudgha
Makhleb
Nemelex Xobeh
Qazlal
Ru
Sif Muna
Uskayaw
Xom
The Shining One

Shops:
D:8 ?   D:11 =

Annotations:
D:4 bmj180's ghost, amateur HOFi
D:12 exclusion: downstairs
Orc:1 exclusion: downstairs
Orc:2 Saint Roka


Message History

Reduced exclusion size to a single square.
There is a stone staircase leading down here.
You climb downwards.
Level annotation: Saint Roka 5 two-headed ogres, an ogre mage and a cyclops come into view.
The ogre mage shouts!
The two-headed ogre shouts in stereo! x2
The cyclops shouts!
The two-headed ogre shouts in stereo! x2
You hear a shout!
The cyclops throws a large rock.
The large rock closely misses you.
You hear a shout!
Found a large rock and 137 gold pieces.
An orc sorcerer comes into view. It is wielding an enchanted dagger.
There is a stone staircase leading up here.
Unknown command.
The two-headed ogre hits you with a giant spiked club!!
Ouch! That really hurt!
The two-headed ogre barely misses you.
The cyclops throws a large rock.
The large rock hits you!!
Ouch! That really hurt!
You die...

##... #. .o##
##
##.$...###.
#...#...#. .
#....... ..
#......##.##.
#.......$C..
#..@.......
#(.OO......
##.O....$..
#.......$.
..O.....$.
....O.$....
.O.........
............


You could see 5 two-headed ogres, an ogre mage, a cyclops and an orc sorcerer.

Vanquished Creatures
  A hydra (D:12)
  Harold (Orc:1)
  3 death yaks
  Pikel (D:4)
  4 ugly things
  2 cyclopes (D:12)
  A manticore (D:11)
  2 gargoyles
  2 kobold demonologists (D:11)
  2 trolls
  2 slime creatures (D:10)
  4 yaks (D:7)
  2 wargs (D:10)
  2 porcupines
  5 orc warriors
  3 sky beasts
  A phantom (D:8)
  4 ogres
  A black bear (D:10)
  5 centaurs
  7 big kobolds
  3 bullfrogs
  A water moccasin zombie (D:8)
  A scorpion (D:10)
  4 killer bees
  6 howler monkeys
  2 jellies
  2 bullfrog skeletons
  5 orc priests
  6 hounds
  2 centaur zombies
  7 orc wizards
  2 centaur skeletons
  3 iguanas
  2 worker ants
  A hell rat (D:11)
  2 hound skeletons
  A howler monkey skeleton (D:3)
  14 adders
  A river rat (D:11)
  3 shadow imps (D:10)
  3 adder skeletons
  3 worms
  2 dart slugs
  2 leopard geckos
  39 orcs
  6 bats
  3 giant cockroaches
  6 goblins
  6 hobgoblins
  8 jackals
  7 quokkas
  4 frilled lizards
  15 kobolds
  A leopard gecko skeleton (D:7)
  12 rats
240 creatures vanquished.

Vanquished Creatures (collateral kills)
  A slime creature (D:10)
  Sigmund (D:6)
  A necrophage (D:6)
  A howler monkey (D:8)
  2 crimson imps
  A centaur zombie (D:10)
  A quasit (D:6)
  2 orc wizards (D:7)
  A killer bee zombie (D:10)
  A worm (D:6)
  A leopard gecko (D:6)
  3 orcs (D:10)
  A ball python (D:7)
17 creatures vanquished.

Vanquished Creatures (others)
  Duvessa (D:5)
  2 slaves (D:5)
  A howler monkey (D:5)
4 creatures vanquished.

Grand Total: 261 creatures vanquished

Notes
Turn   | Place    | Note
-------+----------+-------------------------------------------
     0 | D:1      | 4thArraOfDagon the Deep Elf Necromancer began the quest for the Orb.
     0 | D:1      | Reached XP level 1. HP: 10/10 MP: 6/6
   166 | D:1      | Reached skill level 5 in Necromancy
   446 | D:2      | Reached XP level 2. HP: 15/15 MP: 6/8
   570 | D:2      | Learned a level 1 spell: Animate Skeleton
   621 | D:2      | Found a sparkling altar of Nemelex Xobeh.
   692 | D:2      | Noticed a phantom
   715 | D:3      | Reached XP level 3. HP: 15/19 MP: 7/10
   720 | D:3      | Learned a level 3 spell: Regeneration
   724 | D:3      | Learned a level 3 spell: Vampiric Draining
   896 | D:5      | Entered Level 5 of the Dungeon
  1044 | D:5      | Found a shattered altar of Ashenzari.
  1082 | D:5      | Noticed Duvessa
  1178 | D:4      | Reached skill level 4 in Spellcasting
  1186 | D:4      | Got a warped leather armour
  1225 | D:4      | Identified the cursed +0 leather armour of a bazaar {+Inv rPois rF++ Dex-5} (You found it on level 4 of the Dungeon)
  1333 | D:4      | Learned a level 1 spell: Apportation
  1343 | D:4      | Noticed bmj180's ghost (amateur HOFi)
  1453 | D:5      | Noticed Pikel
  1453 | D:5      | Noticed a slave
  1453 | D:5      | Noticed a slave
  1453 | D:5      | Noticed a slave
  1454 | D:5      | Noticed a slave
  1462 | D:5      | Reached XP level 4. HP: 5/24 MP: 3/12
  1588 | D:7      | Reached XP level 5. HP: 13/28 MP: 8/14
  1637 | D:7      | Reached skill level 5 in Spellcasting
  1724 | D:7      | Reached XP level 6. HP: 20/32 MP: 1/16
  1752 | D:7      | Learned a level 5 spell: Borgnjor's Vile Clutch
  1811 | D:7      | Found a staircase to the Ecumenical Temple.
  1834 | Temple   | Entered the Ecumenical Temple
  1862 | Temple   | Became a worshipper of Sif Muna the Loreminder
  1903 | D:7      | Found a sacrificial altar of Ru.
  1977 | D:7      | Reached skill level 1 in Earth Magic
  2021 | D:7      | Noticed an orc warrior
  2052 | D:7      | Noticed a yak
  2052 | D:7      | Noticed a yak
  2053 | D:7      | Noticed a yak
  2153 | D:6      | Reached skill level 1 in Invocations
  2179 | D:6      | Noticed Sigmund
  2193 | D:6      | Killed Sigmund
  2193 | D:6      | Reached skill level 6 in Spellcasting
  2193 | D:6      | Reached XP level 7. HP: 28/36 MP: 13/18
  2221 | D:6      | Reached * piety under Sif Muna
  2501 | D:5      | Learned a level 5 spell: Lee's Rapid Deconstruction
  3167 | D:3      | Reached ** piety under Sif Muna
  3385 | D:3      | Reached skill level 7 in Spellcasting
  3385 | D:3      | Reached skill level 5 in Earth Magic
  3573 | D:5      | Got a faintly glowing hand axe
  3576 | D:5      | Identified the +3 hand axe of Tenacity {chop, rPois rN+++ Str-4 Int-4} (You found it on level 5 of the Dungeon)
  3652 | D:4      | Killed Pikel
  3652 | D:4      | Reached XP level 8. HP: 24/40 MP: 3/21
  3755 | D:5      | Killed Duvessa
  3871 | D:5      | Reached skill level 8 in Spellcasting
  4030 | D:6      | Reached *** piety under Sif Muna
  4193 | D:7      | Reached skill level 5 in Invocations
  4195 | D:7      | Reached XP level 9. HP: 36/44 MP: 14/23
  4225 | D:7      | Got a bone fustibalus
  4229 | D:7      | Identified the cursed +1 fustibalus of Rust {velocity, +Fly rC- Dex+4 Stlth+} (You found it on level 7 of the Dungeon)
  4304 | D:8      | Found Taly's Magic Scroll Shop.
  4306 | D:8      | Bought a scroll of teleportation for 30 gold pieces
  4306 | D:8      | Bought a scroll of teleportation for 30 gold pieces
  4306 | D:8      | Bought a scroll of identify for 20 gold pieces
  4306 | D:8      | Bought a scroll of identify for 20 gold pieces
  4306 | D:8      | Bought a scroll of identify for 20 gold pieces
  4306 | D:8      | Bought a scroll of identify for 20 gold pieces
  4306 | D:8      | Bought a scroll of noise for 10 gold pieces
  4385 | D:8      | Learned a level 3 spell: Stone Arrow
  4562 | D:8      | Reached skill level 9 in Spellcasting
  4565 | D:8      | Reached skill level 1 in Conjurations
  4802 | D:8      | Reached **** piety under Sif Muna
  5236 | D:10     | Entered Level 10 of the Dungeon
  5243 | D:10     | Noticed a gargoyle
  5245 | D:10     | Killed a gargoyle
  5373 | D:10     | Noticed a troll
  5379 | D:10     | Killed a troll
  5614 | D:9      | Learned a level 4 spell: Petrify
  5703 | D:10     | Reached ***** piety under Sif Muna
  5800 | D:10     | Reached XP level 10. HP: 37/50 MP: 15/25
  5910 | D:10     | Identified Sif Muna's Collected Works on Conjuration and the Frostbite (Sif Muna gifted it to you on level 10 of the Dungeon)
  5910 | D:10     | Received a gift from Sif Muna
  6009 | D:10     | Reached skill level 10 in Spellcasting
  6232 | D:11     | Noticed an orange demon
  6376 | D:10     | Found a staircase to the Orcish Mines.
  6403 | D:10     | Reached skill level 5 in Conjurations
  6609 | D:11     | Noticed a death yak
  6626 | D:11     | Noticed a death yak
  6631 | D:11     | Noticed a death yak
  6934 | D:10     | Killed a death yak
  7150 | D:12     | Found a hide-covered altar of Uskayaw.
  7157 | D:11     | Found a staircase to the Lair.
  7157 | D:11     | Found Okhax's Jewellery Boutique.
  7272 | D:12     | Noticed a brown ugly thing
  7284 | D:12     | Killed a brown ugly thing
  7284 | D:12     | Reached skill level 11 in Spellcasting
  7426 | D:12     | Noticed a cyclops
  7440 | D:12     | Killed a cyclops
  7473 | D:12     | Noticed a four-headed hydra
  7507 | D:12     | Noticed a cyclops
  7524 | D:12     | Killed a cyclops
  7524 | D:12     | Reached XP level 11. HP: 54/54 MP: 12/28
  7584 | D:12     | Noticed a cyan ugly thing
  7593 | D:12     | Killed a cyan ugly thing
  7615 | D:12     | Killed a four-headed hydra
  7615 | D:12     | Identified Sif Muna's Compendium of Companions and Aid (Sif Muna gifted it to you on level 12 of the Dungeon)
  7615 | D:12     | Received a gift from Sif Muna
  7633 | D:11     | Noticed a white ugly thing
  7641 | D:11     | Killed a white ugly thing
  7652 | D:11     | Upgraded the game from 0.21-b1-23-g1fb0a74 to 0.21.0
  7658 | D:11     | Killed a death yak
  7671 | D:11     | Killed a death yak
  7692 | D:11     | Reached skill level 12 in Spellcasting
  7707 | D:11     | Noticed a brown ugly thing
  7714 | D:11     | Killed a brown ugly thing
  7770 | D:11     | Learned a level 6 spell: Freezing Cloud
  7829 | D:11     | Reached skill level 10 in Conjurations
  7829 | D:11     | Reached skill level 1 in Ice Magic
  7945 | Orc:1    | Entered Level 1 of the Orcish Mines
  7947 | Orc:1    | Noticed Harold
  7970 | Orc:1    | Killed Harold
  8278 | Orc:2    | Entered Level 2 of the Orcish Mines
  8278 | Orc:2    | Noticed Saint Roka
  8297 | Orc:2    | Noticed an ogre mage
  8297 | Orc:2    | Noticed a two-headed ogre
  8297 | Orc:2    | Noticed a two-headed ogre
  8297 | Orc:2    | Noticed a two-headed ogre
  8297 | Orc:2    | Noticed a two-headed ogre
  8297 | Orc:2    | Noticed a two-headed ogre
  8298 | Orc:2    | Noticed an orc sorcerer
  8298 | Orc:2    | Hit by a large rock thrown by a cyclops

Skill      XL: |  1  2  3  4  5  6  7  8  9 10 11 |
---------------+----------------------------------+-----
Necromancy     | 5 6 7 |  7.7
Spellcasting   | 4 5 6 7 8 9 11 12 | 12.4
Earth Magic    | 3 6 7 9 |  9.8
Invocations    | 2 4 5 6 8 9 |  9.6
Conjurations   | 3 7 10 | 10.2
Ice Magic      | 2 |  2.5
Dodging        | |  2.4
Stealth        | |  2.4

Action                   |  1- 3 |  4- 6 |  7- 9 | 10-12 || total
-------------------------+-------+-------+-------+-------++-------
Melee: Rapier            |     5 |    22 |       |       ||    27
       Hand axe          |       |    31 |   362 |   132 ||   525
 Cast: Pain              |    53 |     1 |    47 |    27 ||   128
       Animate Skeleton  |     4 |     9 |     8 |     7 ||    28
       Vampiric Draining |     1 |    17 |    51 |    52 ||   121
       Regeneration      |     1 |     2 |    17 |    21 ||    41
       Borgnjor's Vile C |       |       |     3 |    29 ||    32
       Lee's Rapid Decon |       |       |     4 |    38 ||    42
       Stone Arrow       |       |       |     3 |     2 ||     5
Invok: Divine Energy     |       |       |     1 |       ||     1
       Channel Magic     |       |       |     3 |    12 ||    15
Evoke: Wand              |       |       |     3 |     1 ||     4
  Use: Scroll            |     4 |     1 |    14 |     4 ||    23
       Potion            |       |     3 |     4 |     2 ||     9
 Stab: Sleeping          |       |     1 |       |       ||     1
       Distracted        |       |       |     1 |       ||     1
  Eat: Chunk             |     1 |     2 |     9 |     7 ||    19
       Ration            |     1 |       |     2 |     4 ||     7
Armor: Leather armour    |       |    16 |   172 |    84 ||   272
       Skin              |       |    11 |       |       ||    11
Dodge: Dodged            |    14 |    46 |   330 |   183 ||   573
